Map: New Bed of Chaos LE

Players

Hardvision

  • Race: Terran Terran
  • League: Grandmaster

A.I. 3 (Easy)

  • Race: Terran Terran

VOD

Have the link to the VOD?

Description

Time

  • Played on: May 14, 2026, 11:09 a.m.
  • Length: 6:49
Show
View Real Time Build Order
Export as new Build Order

Hardvision Terran 

Build Orders:  

Get SALT Encoding   

  12  0:00  SCV  
  13  0:13  Supply Depot  
  13  0:18  SCV  
  14  0:35  Barracks  
  14  0:40  Refinery  
  14  0:54  Barracks  
  14  0:59  SCV  
  15  1:11  SCV  
  16  1:23  Reaper  
  16  1:25  Barracks  
  17  1:31  Refinery  
  17  1:42  Reaper  
  17  1:45  SCV  
  19  1:52  Supply Depot  
  19  1:58  Reaper  
  20  2:13  Reaper  
  21  2:17  Reaper  
  22  2:32  Reaper  
  23  2:44  Bunker  
  24  2:57  Supply Depot  
  24  2:58  Barracks  
  24  3:09  Bunker  
  23  3:29  Bunker  
  22  5:42  Command Center  
Show
View Real Time Build Order
Export as new Build Order

A.I. 3 (Easy) Terran 

Build Orders:  

Get SALT Encoding   

  12  0:00  SCV  
  13  0:13  SCV  
  14  0:19  Supply Depot  
  14  0:25  SCV  
  15  0:40  SCV  
  16  0:43  Barracks  
  16  0:46  Refinery  
  16  1:10  Supply Depot  
  16  1:20  Refinery  
  16  1:29  Marine  
  16  1:32  Orbital Command  
  17  1:47  Marine  
  18  1:58  SCV  
  19  2:06  Barracks Tech Lab  
  19  2:10  SCV  
  19  2:12  Supply Depot  
  20  2:22  SCV  
  21  2:23  Marine  
  20  2:34  SCV  
  20  2:41  Marine  
  18  2:46  SCV  
  17  2:58  SCV  
  17  2:59  Marine  
  19  3:10  SCV  
  20  3:17  Marauder  
  22  3:23  SCV  
  21  3:35  SCV  
  21  3:38  Marine  
  23  3:47  SCV  
  24  3:56  Marine  
  24  3:59  SCV  
  25  4:11  SCV  
  25  4:14  Marine  
  27  4:32  Marauder  
  26  4:50  SCV  
  23  4:54  Marauder  
  22  5:02  SCV  
  23  5:08  Factory  
  23  5:10  Supply Depot  
  23  5:14  SCV, Marine  
  25  5:26  SCV  
  26  5:32  Marine  
  26  5:33  Supply Depot  
  26  5:38  SCV  
  23  5:50  Marine, SCV  
  23  5:56  Starport  
  25  6:02  SCV  
  26  6:08  Reaper  
  27  6:14  SCV  
  28  6:27  SCV  
  28  6:32  Starport Tech Lab  
Tags
 
Add a new tag
Caveats
  • Supply blocks, unpowered buildings, or Contaminate may cause inaccurate times.
  • Supply counts are checked every 10 seconds.